 Dungeon Sprint DCSS version 0.16.1-18-g436b03c (webtiles) character file.

13900000 Vrock the Axe Maniac (level 27, -150/199 HPs)
             Began as a Gargoyle Gladiator on May 16, 2015.
             Was the Champion of Makhleb.
             Annihilated by a fleshlord
             ... wielding a +9 great mace
              (333 damage)
             ... in the Dungeon (Sprint VIII: "Arena of Blood").
             The game lasted 00:08:42 (139 turns).

Vrock the Axe Maniac (Gargoyle Gladiator)            Turns: 139, Time: 00:08:51

Health: -150/199   AC: 29    Str: 28      XL:     27
Magic:  47/49      EV: 24    Int:  9 (13) God:    Makhleb [******]
Gold:   0          SH:  0    Dex: 10      Spells: 0 memorised, 80 levels left

rFire  . . .     SeeInvis +     l - +∞ Axe of Woe
rCold  . . .     Clarity  .     b - +0 leather armour
rNeg   + . .     SustAb   .     (no shield)
rPois  ∞         Gourm    .     c - +0 helmet
rElec  +         Spirit   .     (no cloak)
rCorr  .         Warding  .     (no gloves)
rMut   .         NoTele   +     (no boots)
MR     ++...                    (no amulet)
Stlth  +++++++++.               (no ring)
                                m - ring of see invisible

@: hasted and slowed, very resistant to hostile enchantments, incredibly
stealthy
A: able to fly continuously, big wings, negative energy resistance 1,
electricity resistance, unbreathing, petrification resistance, rot immunity, AC
+20
a: Fly, Minor Destruction, Lesser Servant of Makhleb, Major Destruction, Greater
Servant of Makhleb, Renounce Religion


You were in the Dungeon.
You worshipped Makhleb.
Makhleb was exalted by your worship.
You were not hungry.

You visited 1 branch

Inventory:

Hand weapons
 a - a +0 war axe
 l - the +∞ Axe of Woe (weapon)
   (You found it in the Dungeon)
Missiles
 d - 3 throwing nets (quivered)
Armour
 b - a +0 leather armour (worn)
 c - a +0 helmet (worn)
Jewellery
 m - a ring of see invisible (left hand)
Scrolls
 k - a scroll of blinking
Potions
 e - a potion of curing
 g - a potion of heal wounds
 i - 2 potions of magic
 j - a potion of berserk rage
Comestibles
 f - a bread ration


   Skills:
 O Level 27 Fighting
 O Level 27 Axes
 O Level 27 Throwing
 O Level 27 Armour
 O Level 27 Dodging
 O Level 27 Stealth
 O Level 27 Unarmed Combat
 O Level 27 Spellcasting
 O Level 27 Invocations


You had 80 spell levels left.
You didn't know any spells.

Dungeon Overview and Level Annotations

Branches:
Dungeon (1/1)

Altars:
Makhleb


Innate Abilities, Weirdness & Mutations

You are resistant to torment.
You are immune to poison.
You can fly continuously.
Your stone body is very resilient (AC +20).
Your wings are large and strong.
You resist negative energy.
You are resistant to electric shocks.
You can survive without breathing.
You are immune to petrification.
You are immune to rotting.


Message History

You kill the fleshlord!
Makhleb accepts your kill.
You hear a shout! x4
The fleshlord casts a spell at you.
You barely resist.
You hear a shout! x2
The fleshlord appears out of thin air!
A fleshlord comes into view. It is wielding a +9 great mace.
You hear a shout! x2
The corpses begin to drag themselves along the ground!
You hear a shout! x3
A bag of meat comes into view. It is wielding a +9 war axe.
Drink which item? (? for menu, Esc to quit)
You feel yourself speed up.
You hear a shout! x4
The scourge throws poison arrow at you. The poison arrow hits you!
You partially resist.
The fleshlord hits you with a +9 great mace!!!!!!
Ouch! That really hurt!
You die...

#################
####......).))).x..####
####.........p))))...p...#
####..........##)##)#####....
###...............x.)).........
.........####.%..x##.##...... .
........#.)%)..))x.........p.
......O.#))).S@pp.S#.#......
.z......#))S))..p..........
...###.oo#.o%x..%...%...... #
#...oz.#o...........%..
.........o))))).%..%..
.#....%..))%).........
..#...%..))#p))....#..
....#...%.#.......#
#.....z###.)...z.###.


You could see 3 scourges, 5 fleshlords, a sculptor of flesh and 6 bags of meat.

Vanquished Creatures
  Edmund (D)
  Harold (D)
  5 great orbs of eyes (D)
  3 greater mummies (D)
  9 hell beasts (D)
  A hell knight (D)
  6 hill giants (D)
  A hydra (D)
  5 liches (D)
  25 ogres (D)
  70 orcs (D)
  4 phantoms (D)
  5 skeletal warriors (D)
  10 vampire knights (D)
  2 wraiths (D)
  A sea snake (D)
  5 tentacled monstrosities (D)
  15 large abominations (D)
  2 soul eaters (D)
  6 small abominations (D)
  6 crawling corpses (D)
183 creatures vanquished.

Vanquished Creatures (others)
  An orc (D)
  A balrug (D)
  A green death (D)
  A large abomination (D)
  4 crawling corpses (D)
8 creatures vanquished.

Grand Total: 191 creatures vanquished

Notes
Turn   | Place    | Note
--------------------------------------------------------------
     0 | D        | Vrock, the Gargoyle Gladiator, began the quest for the Orb.
     0 | D        | Reached XP level 1. HP: 12/12 MP: 1/1
     3 | D        | Noticed a bag of meat
     4 | D        | Became a worshipper of Makhleb the Destroyer
     7 | D        | Noticed a bag of meat
     7 | D        | Noticed a bag of meat
     7 | D        | Noticed a meat berserker
     8 | D        | Noticed a bag of meat
     9 | D        | Noticed a meat berserker
    10 | D        | Noticed a bag of meat
    10 | D        | Noticed a bag of meat
    10 | D        | Noticed a meat berserker
    10 | D        | Killed a meat berserker
    10 | D        | Reached skill level 10 in Fighting
    10 | D        | Reached skill level 15 in Axes
    10 | D        | Reached XP level 2. HP: 14/28 MP: 2/2
    10 | D        | Reached XP level 3. HP: 16/33 MP: 3/3
    10 | D        | Reached XP level 4. HP: 18/39 MP: 4/4
    10 | D        | Reached XP level 5. HP: 19/43 MP: 5/5
    10 | D        | Reached XP level 6. HP: 21/48 MP: 6/6
    10 | D        | Reached XP level 7. HP: 23/53 MP: 7/7
    10 | D        | Reached XP level 8. HP: 25/59 MP: 8/8
    10 | D        | Reached XP level 9. HP: 26/63 MP: 9/9
    10 | D        | Reached XP level 10. HP: 28/68 MP: 10/10
    10 | D        | Reached XP level 11. HP: 30/73 MP: 11/11
    10 | D        | Killed a meat berserker
    10 | D        | Acquired Makhleb's first power
    10 | D        | Reached skill level 18 in Axes
    10 | D        | Reached XP level 12. HP: 77/81 MP: 12/12
    11 | D        | Noticed a meat berserker
    11 | D        | Noticed a bag of meat
    11 | D        | Noticed a meat berserker
    11 | D        | Killed a bag of meat
    11 | D        | Reached skill level 19 in Axes
    11 | D        | Reached XP level 13. HP: 80/88 MP: 13/13
    11 | D        | Killed a bag of meat
    11 | D        | Acquired Makhleb's second power
    11 | D        | Reached skill level 20 in Axes
    11 | D        | Gained mutation: Your wings are large and strong. [gargoyle growth]
    11 | D        | Reached XP level 14. HP: 93/96 MP: 14/14
    11 | D        | Killed a bag of meat
    11 | D        | Reached skill level 21 in Axes
    12 | D        | Noticed a bag of meat
    13 | D        | Killed a bag of meat
    13 | D        | Acquired Makhleb's third power
    13 | D        | Reached skill level 15 in Fighting
    13 | D        | Reached skill level 22 in Axes
    13 | D        | Reached XP level 15. HP: 100/103 MP: 15/15
    14 | D        | Noticed a bag of meat
    14 | D        | Noticed a bag of meat
    14 | D        | Noticed a meat berserker
    14 | D        | Killed a meat berserker
    14 | D        | Reached skill level 23 in Axes
    14 | D        | Killed a meat berserker
    14 | D        | Reached skill level 24 in Axes
    14 | D        | Reached skill level 15 in Throwing
    14 | D        | Killed a meat berserker
    14 | D        | Acquired Makhleb's fourth power
    14 | D        | Reached XP level 16. HP: 110/112 MP: 16/16
    14 | D        | Killed a bag of meat
    14 | D        | Reached skill level 25 in Axes
    15 | D        | Noticed a bag of meat
    15 | D        | Noticed a bag of meat
    16 | D        | Noticed a bag of meat
    16 | D        | Noticed a meat berserker
    16 | D        | Noticed a bag of meat
    16 | D        | Killed a bag of meat
    16 | D        | Acquired Makhleb's fifth power
    16 | D        | Reached skill level 26 in Axes
    16 | D        | Killed a meat berserker
    16 | D        | Reached skill level 27 in Axes
    16 | D        | Killed a bag of meat
    16 | D        | Reached skill level 1 in Armour
    16 | D        | Reached XP level 17. HP: 122/122 MP: 17/17
    18 | D        | Noticed a bag of meat
    18 | D        | Noticed a bag of meat
    18 | D        | Noticed a bag of meat
    18 | D        | Noticed a bag of meat
    19 | D        | Noticed a bag of meat
    19 | D        | Noticed a large bag of meat
    19 | D        | Noticed a bag of meat
    20 | D        | Noticed a bag of meat
    20 | D        | Noticed a large bag of meat
    20 | D        | Noticed a bag of meat
    21 | D        | Noticed a bag of meat
    21 | D        | Noticed a bag of meat
    21 | D        | Noticed a meat berserker
    21 | D        | Noticed a meat berserker
    21 | D        | Noticed a bag of meat
    21 | D        | Noticed a bag of meat
    21 | D        | Noticed a bag of meat
    22 | D        | Noticed a bag of meat
    22 | D        | Noticed a bag of meat
    22 | D        | Noticed a large bag of meat
    22 | D        | Killed a bag of meat
    22 | D        | Killed a bag of meat
    22 | D        | Reached skill level 27 in Dodging
    22 | D        | Killed a bag of meat
    23 | D        | Noticed a bag of meat
    23 | D        | Noticed a bag of meat
    23 | D        | Killed a large bag of meat
    23 | D        | Reached XP level 18. HP: 135/139 MP: 18/18
    23 | D        | Killed a meat berserker
    23 | D        | Reached skill level 5 in Armour
    24 | D        | Noticed a bag of meat
    24 | D        | Noticed a meat berserker
    24 | D        | Killed a meat berserker
    24 | D        | Killed a bag of meat
    24 | D        | Reached skill level 27 in Fighting
    25 | D        | Noticed a bag of meat
    25 | D        | Noticed a bag of meat
    25 | D        | Noticed a bag of meat
    25 | D        | Killed a bag of meat
    25 | D        | Killed a bag of meat
    25 | D        | Reached skill level 27 in Throwing
    25 | D        | Reached XP level 19. HP: 151/151 MP: 18/18
    25 | D        | Killed a bag of meat
    25 | D        | Killed a meat berserker
    25 | D        | Killed a large bag of meat
    26 | D        | Noticed a bag of meat
    26 | D        | Noticed a bag of meat
    26 | D        | Noticed a bag of meat
    26 | D        | Noticed a bag of meat
    26 | D        | Noticed a meat berserker
    27 | D        | Noticed a large bag of meat
    27 | D        | Noticed a bag of meat
    27 | D        | Noticed a meat berserker
    27 | D        | Killed a large bag of meat
    27 | D        | Killed a bag of meat
    27 | D        | Reached skill level 27 in Armour
    27 | D        | Killed a bag of meat
    27 | D        | Reached skill level 5 in Unarmed Combat
    27 | D        | Reached skill level 5 in Spellcasting
    27 | D        | Reached XP level 20. HP: 157/157 MP: 18/30
    27 | D        | Killed a bag of meat
    27 | D        | Reached skill level 10 in Stealth
    27 | D        | Killed a bag of meat
    27 | D        | Reached skill level 10 in Unarmed Combat
    27 | D        | Reached skill level 10 in Spellcasting
    27 | D        | Killed a bag of meat
    28 | D        | Noticed a bag of meat
    28 | D        | Noticed a bag of meat
    28 | D        | Noticed a bag of meat
    29 | D        | Noticed a destroyer
    29 | D        | Noticed a bag of meat
    29 | D        | Killed a large bag of meat
    29 | D        | Reached skill level 15 in Stealth
    29 | D        | Killed a bag of meat
    29 | D        | Reached skill level 15 in Invocations
    29 | D        | Killed a bag of meat
    29 | D        | Reached skill level 15 in Unarmed Combat
    29 | D        | Killed a bag of meat
    29 | D        | Reached skill level 15 in Spellcasting
    29 | D        | Reached XP level 21. HP: 163/163 MP: 18/40
    29 | D        | Killed a bag of meat
    30 | D        | Noticed a bag of meat
    30 | D        | Noticed a destroyer
    30 | D        | Killed a bag of meat
    30 | D        | Killed a bag of meat
    30 | D        | Killed a bag of meat
    30 | D        | Killed a bag of meat
    30 | D        | Killed a meat berserker
    30 | D        | Killed a bag of meat
    30 | D        | Reached XP level 22. HP: 169/169 MP: 18/44
    31 | D        | Noticed a bag of meat
    31 | D        | Killed a meat berserker
    31 | D        | Killed a bag of meat
    31 | D        | Killed a bag of meat
    32 | D        | Killed a meat berserker
    32 | D        | Reached skill level 27 in Stealth
    32 | D        | Killed a bag of meat
    32 | D        | Killed a destroyer
    32 | D        | Reached skill level 27 in Invocations
    33 | D        | Noticed a destroyer
    33 | D        | Killed a bag of meat
    33 | D        | Killed a bag of meat
    33 | D        | Reached skill level 27 in Unarmed Combat
    33 | D        | Reached XP level 23. HP: 175/175 MP: 19/47
    33 | D        | Killed a bag of meat
    33 | D        | Reached skill level 27 in Spellcasting
    34 | D        | Killed a bag of meat
    34 | D        | Killed a bag of meat
    34 | D        | Killed a bag of meat
    34 | D        | Killed a bag of meat
    34 | D        | Killed a bag of meat
    35 | D        | Noticed a destroyer
    36 | D        | Noticed a large bag of meat
    36 | D        | Killed a destroyer
    36 | D        | Killed a bag of meat
    36 | D        | Reached XP level 24. HP: 181/181 MP: 19/48
    36 | D        | Killed a bag of meat
    36 | D        | Killed a bag of meat
    37 | D        | Killed a bag of meat
    38 | D        | Noticed a sculptor of flesh
    38 | D        | Killed a bag of meat
    39 | D        | Noticed a sculptor of flesh
    39 | D        | Killed a bag of meat
    39 | D        | Killed a bag of meat
    40 | D        | Noticed a bag of meat
    40 | D        | Noticed a meat berserker
    41 | D        | Noticed a sculptor of flesh
    41 | D        | Noticed a bag of meat
    41 | D        | Noticed a bag of meat
    42 | D        | Noticed a bag of meat
    43 | D        | Noticed a destroyer
    43 | D        | Noticed a destroyer
    43 | D        | Noticed a bag of meat
    44 | D        | Killed a sculptor of flesh
    44 | D        | Killed a large bag of meat
    44 | D        | Killed a meat berserker
    45 | D        | Noticed a bag of meat
    45 | D        | Noticed a large bag of meat
    46 | D        | Noticed a tyrant
    46 | D        | Noticed a meat berserker
    46 | D        | Noticed a tyrant
    47 | D        | Killed a destroyer
    47 | D        | Reached XP level 25. HP: 187/187 MP: 22/49
    47 | D        | Killed a destroyer
    47 | D        | Killed a bag of meat
    48 | D        | Noticed a sculptor of flesh
    49 | D        | Noticed a tyrant
    49 | D        | Killed a tyrant
    49 | D        | Killed a bag of meat
    49 | D        | Killed a destroyer
    51 | D        | Noticed a meat berserker
    51 | D        | Noticed a sculptor of flesh
    51 | D        | Killed a sculptor of flesh
    51 | D        | Killed a bag of meat
    51 | D        | Noticed a tyrant
    53 | D        | Killed a tyrant
    53 | D        | Killed a meat berserker
    53 | D        | Reached XP level 26. HP: 193/193 MP: 24/49
    53 | D        | Killed a bag of meat
    54 | D        | Killed a tyrant
    55 | D        | Killed a destroyer
    57 | D        | Noticed a bag of meat
    57 | D        | Noticed a bag of meat
    57 | D        | Noticed a bag of meat
    57 | D        | Noticed a meat berserker
    57 | D        | Noticed a bag of meat
    57 | D        | Noticed a bag of meat
    57 | D        | Noticed a bag of meat
    57 | D        | Noticed a bag of meat
    57 | D        | Killed a large bag of meat
    57 | D        | Killed a meat berserker
    58 | D        | Noticed a bag of meat
    58 | D        | Noticed a bag of meat
    58 | D        | Noticed a sculptor of flesh
    61 | D        | Noticed a meat berserker
    64 | D        | Noticed a destroyer
    65 | D        | Noticed a bag of meat
    68 | D        | Noticed a meat berserker
    69 | D        | Noticed a destroyer
    69 | D        | Noticed a bag of meat
    69 | D        | Noticed a dread
    71 | D        | Killed a bag of meat
    71 | D        | Killed a bag of meat
    73 | D        | Noticed a meat berserker
    73 | D        | Killed a bag of meat
    73 | D        | Killed a destroyer
    74 | D        | Killed a meat berserker
    74 | D        | Reached XP level 27. HP: 199/199 MP: 30/49
    74 | D        | Killed a bag of meat
    74 | D        | Killed a meat berserker
    74 | D        | Noticed a meat beast
    75 | D        | Noticed a dread
    75 | D        | Killed a meat berserker
    76 | D        | Noticed a meat beast
    76 | D        | Killed a bag of meat
    76 | D        | Killed a bag of meat
    76 | D        | Killed a bag of meat
    77 | D        | Noticed a meat beast
    77 | D        | Killed a meat berserker
    78 | D        | Noticed a meat berserker
    78 | D        | Killed a bag of meat
    79 | D        | Killed a meat beast
    80 | D        | Killed a wretched soul
    80 | D        | Killed a bag of meat
    81 | D        | Killed a meat beast
    81 | D        | Killed a meat beast
    82 | D        | Killed a destroyer
    83 | D        | Noticed The Servant
    83 | D        | Killed a sculptor of flesh
    83 | D        | Killed a sculptor of flesh
    84 | D        | Noticed a meat beast
    84 | D        | Noticed a bag of meat
    84 | D        | Killed a meat berserker
    84 | D        | Killed a meat beast
    86 | D        | Killed a dread
    87 | D        | Noticed a bag of meat
    88 | D        | Noticed a bag of meat
    88 | D        | Killed The Servant
    89 | D        | Noticed a meat beast
    90 | D        | Noticed a destroyer
    90 | D        | Killed a dread
    91 | D        | Noticed a wretched soul
    92 | D        | Noticed a meat berserker
    92 | D        | Noticed a bag of meat
    92 | D        | Noticed a meat beast
    93 | D        | Noticed a destroyer
    93 | D        | Noticed a meat berserker
    93 | D        | Noticed a bag of meat
    93 | D        | Noticed a meat beast
    93 | D        | Noticed an observer
    93 | D        | Killed a wretched soul
    93 | D        | Killed a destroyer
    94 | D        | Noticed a sculptor of flesh
    95 | D        | Killed a meat berserker
    97 | D        | Killed a tyrant
    97 | D        | Killed a bag of meat
    97 | D        | Killed a meat beast
    98 | D        | Killed a meat berserker
    99 | D        | Noticed an observer
    99 | D        | Killed a meat beast
    99 | D        | Killed a bag of meat
   100 | D        | Noticed a meat beast
   100 | D        | Killed a bag of meat
   100 | D        | Killed a destroyer
   101 | D        | Noticed a meat berserker
   101 | D        | Killed an observer
   103 | D        | Noticed an observer
   103 | D        | Noticed an observer
   103 | D        | Noticed an accursed
   103 | D        | Noticed an accursed
   103 | D        | Killed a meat beast
   103 | D        | Killed a bag of meat
   104 | D        | Noticed a wretched soul
   107 | D        | Killed an observer
   107 | D        | Killed a meat berserker
   108 | D        | Killed an observer
   109 | D        | Noticed an accursed
   109 | D        | Noticed a tyrant
   110 | D        | Killed a bag of meat
   110 | D        | Killed a wretched soul
   111 | D        | Killed an accursed
   115 | D        | Killed a bag of meat
   117 | D        | Killed an accursed
   118 | D        | Noticed a meat beast
   118 | D        | Noticed a bag of meat
   119 | D        | Killed an observer
   119 | D        | Killed a tyrant
   120 | D        | Noticed a bag of meat
   123 | D        | Noticed a fleshlord
   123 | D        | Killed a bag of meat
   123 | D        | Killed a bag of meat
   124 | D        | Killed an accursed
   125 | D        | Noticed a fleshlord
   127 | D        | Killed a meat beast
   128 | D        | Noticed a fleshlord
   128 | D        | Noticed a bag of meat
   128 | D        | Noticed a meat berserker
   128 | D        | Noticed a fleshlord
   129 | D        | Noticed an observer
   130 | D        | Noticed a fleshlord
   130 | D        | Noticed a wretched soul
   130 | D        | Noticed The Defiler
   131 | D        | Noticed a meat beast
   132 | D        | Noticed a fleshlord
   132 | D        | Killed a meat berserker
   132 | D        | Killed a sculptor of flesh
   133 | D        | Killed a bag of meat
   133 | D        | Killed a bag of meat
   134 | D        | Noticed a meat berserker
   134 | D        | Noticed a bag of meat
   135 | D        | Noticed a bag of meat
   135 | D        | Noticed a bag of meat
   135 | D        | Noticed a fleshlord
   135 | D        | Killed a meat beast
   135 | D        | Killed The Defiler
   135 | D        | Killed an observer
   135 | D        | Killed a bag of meat
   136 | D        | Killed a bag of meat
   137 | D        | Noticed a bag of meat
   137 | D        | Killed a wretched soul
   138 | D        | Noticed a bag of meat
   138 | D        | Killed a meat berserker
   138 | D        | Killed a fleshlord
   139 | D        | Noticed a fleshlord
   139 | D        | Noticed a bag of meat
   139 | D        | Annihilated by a fleshlord

Action                   |  1- 3 |  4- 6 |  7- 9 | 10-12 | 13-15 | 16-18 | 19-21 | 22-24 | 25-27 || total
-------------------------+-------+-------+-------+-------+-------+-------+-------+-------+-------++-------
Melee: Executioner's axe |     1 |       |       |     1 |     2 |     5 |     3 |    10 |    48 ||    70
Invok: Greater Servant o |       |       |       |       |       |       |       |       |     2 ||     2
  Use: Potion            |       |       |       |       |       |       |       |       |     1 ||     1
